 Dungeon Crawl Stone Soup version 0.21.0-24-g2553a33 (webtiles) character file.

14 tidbits the Grasshopper (level 2, 3/20 HPs)
             Began as a Gnoll Wanderer on Jan 19, 2018.
             Quit the game on level 3 of the Dungeon.
             The game lasted 00:02:58 (338 turns).

tidbits the Grasshopper (Gnoll Wanderer)             Turns: 338, Time: 00:02:59

Health: 3/20       AC:  3    Str: 15    XL:     2   Next: 45%
Magic:  3/3        EV: 11    Int: 12    God:
Gold:   43         SH:  0    Dex: 15    Spells: 1/1 levels left

rFire    . . .     SeeInvis .   s - -3 hand axe (curse)
rCold    . . .     Gourm    .   (no shield)
rNeg     . . .     Faith    .   B - +0 leather armour
rPois    .         Spirit   .   (no helmet)
rElec    .         Reflect  .   (no cloak)
rCorr    .         Harm     .   (no gloves)
MR       .....                  (no boots)
Stlth    +.........             (no amulet)
HPRegen  0.06/turn              (no ring)
MPRegen  0.08/turn              (no ring)

@: no status effects
A: distributed training, fangs 1, strong nose
a: no special abilities


You were on level 3 of the Dungeon.
You were full.

You visited 1 branch of the dungeon, and saw 3 of its levels.

You collected 43 gold pieces.

Inventory:

Hand Weapons
 a - a +0 hand crossbow
 e - a +0 dagger
 j - a +0 hunting sling
 k - a +0 trident
 s - a cursed -3 hand axe (weapon)
Missiles
 d - 25 bolts
 l - 24 stones (quivered)
 p - 21 arrows
Armour
 i - a +0 robe
 B - a +0 leather armour (worn)
Wands
 h - a wand of flame (16)
Scrolls
 g - a scroll of amnesia {unknown}
 m - 2 scrolls of magic mapping {unknown}
 q - 2 scrolls of fear {unknown}
 r - a scroll of identify {unknown}
Potions
 n - a potion of invisibility {unknown}
 o - a potion of lignification {unknown}
Books
 b - the Volume of the Forest

   Spells                             Type                      Level
   a - Infusion                       Charms                       1
   b - Regeneration                   Charms/Necromancy            3
 f - a book of Spatial Translocations

   Spells                             Type                      Level
   a - Blink                          Translocation                2
   b - Shroud of Golubria             Charms/Translocation         2
   c - Lesser Beckoning               Translocation                3
   d - Gell's Gravitas                Translocation                3
   e - Teleport Other                 Translocation                3
   f - Passage of Golubria            Translocation                4
Comestibles
 c - 2 rations


   Skills:
 + Level 0.4 Fighting
 + Level 0.4 Short Blades
 + Level 0.4 Long Blades
 + Level 0.4 Axes
 + Level 0.4 Maces & Flails
 + Level 0.4 Polearms
 + Level 0.4 Staves
 + Level 0.4 Slings
 + Level 0.4 Bows
 + Level 6.5 Crossbows
 + Level 2.5 Throwing
 + Level 0.4 Armour
 + Level 0.4 Dodging
 + Level 0.4 Stealth
 + Level 0.4 Shields
 + Level 0.4 Unarmed Combat
 + Level 0.4 Spellcasting
 + Level 0.2 Conjurations
 + Level 0.2 Hexes
 + Level 0.2 Charms
 + Level 2.0 Summonings
 + Level 0.2 Necromancy
 + Level 7.0 Translocations
 + Level 0.2 Transmutations
 + Level 0.2 Fire Magic
 + Level 0.2 Ice Magic
 + Level 0.2 Air Magic
 + Level 0.2 Earth Magic
 + Level 0.2 Poison Magic
 + Level 0.5 Invocations
 + Level 2.5 Evocations


You had one spell level left.
You didn't know any spells.

Dungeon Overview and Level Annotations

Branches:
Dungeon (3/15)

Altars:
Makhleb


Innate Abilities, Weirdness & Mutations

Your experience applies equally to all skills.
You have very sharp teeth.
Your uncanny sense of smell can sniff out nearby items.


Message History

You see here 7 gold pieces.
You now have 7 gold pieces.
Found a scroll labeled ITIOTEE OJETUL.
A leopard gecko comes into view.
The leopard gecko hisses angrily.
The leopard gecko moves out of view.
Found 4 gold pieces.
Firing (i - inventory. (,) - cycle):
d - 26 bolts (quivered)
Press: ? - help, Shift-Dir - straight line, f - you
Okay, then.
Firing (i - inventory. (,) - cycle):
d - 26 bolts (quivered)
Press: ? - help, Shift-Dir - straight line, f - leopard gecko
Aim: a leopard gecko (clinging)
You shoot a bolt. The bolt hits the leopard gecko!
You kill the leopard gecko!
You see here a scroll labeled ITIOTEE OJETUL.
m - a scroll labeled ITIOTEE OJETUL You open the door.
Found a stone staircase leading down.
Found a ration.
There is an open door here.
You see here a ration.
c - 2 rations (gained 1)
Found an orange potion.
Found 10 gold pieces and a metallic brown potion.
You see here an orange potion.
n - an orange potion You see here a metallic brown potion.
o - a metallic brown potion
Found 21 arrows and a scroll labeled ITIOTEE OJETUL.
You see here 10 gold pieces.
You now have 17 gold pieces (gained 10).
You see here 21 arrows.
p - 21 arrows
Found a robe.
You open the door.
You see here a scroll labeled ITIOTEE OJETUL.
m - 2 scrolls labeled ITIOTEE OJETUL (gained 1)
You open the door.
There is an open door here.
You see here 4 gold pieces.
You now have 21 gold pieces (gained 4).
There is an open door here.
There is a stone staircase leading down here.
You climb downwards.
There is a stone staircase leading up here.
Unknown command.
Found 2 scrolls labeled AKOISETIGE.
You see here 2 scrolls labeled AKOISETIGE.
q - 2 scrolls labeled AKOISETIGE
Found a scroll labeled NISHYA IMESOIRPH.
Found 11 gold pieces.
You see here 11 gold pieces.
You now have 32 gold pieces (gained 11).
A goblin comes into view. It is wielding a dagger.
Firing (i - inventory. (,) - cycle):
d - 25 bolts (quivered)
Press: ? - help, Shift-Dir - straight line, f - goblin
Aim: a goblin, wielding a dagger (resting)
You shoot a bolt. The bolt hits the goblin!
You kill the goblin!
Found 11 gold pieces and 24 stones.
You see here a scroll labeled NISHYA IMESOIRPH.
r - a scroll labeled NISHYA IMESOIRPH You open the door.
Found 13 poisoned needles.
Things that are here:
a bolt; a dagger
d - 25 bolts (gained 1)
You see here 11 gold pieces.
You now have 43 gold pieces (gained 11).
You open the door.
There is an open door here.
Found a runed hand axe.
A bat and 2 hobgoblins come into view.
The hobgoblin shouts!
You hear a shout! x3
The teleport trap disappears.
The goblin disappears!
The hobgoblin picks up a scroll labeled NISHYA IMESOIRPH.
A goblin comes into view. It is wielding a club.
A hobgoblin comes into view.
The hobgoblin shouts!
You hear a shout!
A centaur skeleton comes into view.
The bat hits you but does no damage.
A rat comes into view.
The bat barely misses you.
Unknown command.
The bat misses you. The centaur skeleton hits you.
Unknown command.
The centaur skeleton hits you! The bat barely misses you.
The centaur skeleton hits you.
* * * LOW HITPOINT WARNING * * *
You see here a runed hand axe.
s - a runed hand axe The bat barely misses you.
The centaur skeleton hits you.
* * * LOW HITPOINT WARNING * * *
The bat barely misses you.
Wield which item (- for none, * to show all)? (? for menu, Esc to quit)
It sticks to your hand!
s - a cursed -3 hand axe (weapon)
The centaur skeleton barely misses you.
Are you sure you want to abandon this character and quit the game? (Confirm with "yes".)

...........#
#..........####
...........# #..........#
...........# #..........#
...........# #..........#
........g..###.(........#
.......g.....#..........#
..#####......###########
. ........b.# .......Z@.#
........g..# ...........#
.r.........# ..........#
..........# .........#
.........#


You could see 2 hobgoblins, a goblin, a bat and a centaur skeleton.

Vanquished Creatures
  A leopard gecko (D:2)
  A bat (D:2)
  4 goblins
  A hobgoblin (D:2)
  2 jackals (D:2)
  2 rats (D:2)
11 creatures vanquished.

Notes
Turn   | Place    | Note
-------+----------+-------------------------------------------
     0 | D:1      | tidbits the Gnoll Wanderer began the quest for the Orb.
     0 | D:1      | tidbits set off with: a book of Spatial Translocations, the Volume of the Forest, a +0 hand crossbow, 29 bolts, a +0 robe, a ration
     0 | D:1      | Reached XP level 1. HP: 13/13 MP: 2/2
     0 | D:1      | Identified the Volume of the Forest
    44 | D:2      | Reached skill level 2 in Summonings
   100 | D:2      | Found a burning altar of Makhleb.
   120 | D:2      | Reached XP level 2. HP: 12/19 MP: 3/3
   338 | D:3      | Quit the game

Skill      XL: |  1 |
---------------+----+-----
Summonings     | 2 |  2.0
Fighting       | |  0.4
Short Blades   | |  0.4
Long Blades    | |  0.4
Axes           | |  0.4
Maces & Flails | |  0.4
Polearms       | |  0.4
Staves         | |  0.4
Slings         | |  0.4
Bows           | |  0.4
Crossbows      | |  6.5
Throwing       | |  2.5
Armour         | |  0.4
Dodging        | |  0.4
Stealth        | |  0.4
Shields        | |  0.4
Unarmed Combat | |  0.4
Spellcasting   | |  0.4
Conjurations   | |  0.2
Hexes          | |  0.2
Charms         | |  0.2
Necromancy     | |  0.2
Translocations | |  7.0
Transmutations | |  0.2
Fire Magic     | |  0.2
Ice Magic      | |  0.2
Air Magic      | |  0.2
Earth Magic    | |  0.2
Poison Magic   | |  0.2
Invocations    | |  0.5
Evocations     | |  2.5

Action                   || total
-------------------------++-------
 Fire: Hand crossbow     ||    21
Evoke: Wand              ||     1
  Eat: Ration            ||     1
Armor: Robe              ||     2
       Leather armour    ||     1
Dodge: Dodged            ||    14

Table legend:
 A = Turns spent in this place as a percentage of turns spent in the entire game.
 B = Non-inter-level travel turns spent in this place as a percentage of non-inter-level travel turns spent in the entire game.
 C = Inter-level travel turns spent in this place as a percentage of turns spent in this place.
 D = Turns resting spent in this place as a percentage of non-inter-level travel turns spent in this place.
 E = Turns spent auto-exploring this place as a percentage of non-inter-level travel turns spent in this place.
 F = Non-inter-level travel turns spent in this place divided by the number of levels of this place that you've seen.
                   A       B       C       D       E      F
               +-------+-------+-------+-------+-------+----------------------
         Total | 100.0 | 100.0 |   0.0 |   0.0 |   0.0 | 112.7
       Dungeon | 100.0 | 100.0 |   0.0 |   0.0 |   0.0 | 112.7
               +-------+-------+-------+-------+-------+----------------------

Table legend:
 A = Kills in this place as a percentage of kills in entire the game.
 B = Kills by you in this place as a percentage of kills by you in the entire game.
 C = Kills by friends in this place as a percentage of kills by friends in the entire game.
 D = Other kills in this place as a percentage of other kills in the entire game.
 E = Experience gained in this place as a percentage of experience gained in the entire game.
 F = Experience gained in this place divided by the number of levels of this place that you have seen.
                   A       B       C       D       E      F
               +-------+-------+-------+-------+-------+----------------------
         Total | 100.0 | 100.0 |   N/A |   N/A | 100.0 |   7.0
       Dungeon | 100.0 | 100.0 |   N/A |   N/A | 100.0 |   7.0
               +-------+-------+-------+-------+-------+----------------------

Vault maps used:
D:1:      dpeg_arrival_tiny_k
D:2:      lemuel_crystal_altar
D:3:      minitemple, uniq_robin, uniq_ijyb
